 Dungeon Crawl Stone Soup version 0.16-a0-890-g98fc465 (webtiles) character file.

141 RobertPalmer the Chopper (level 5, -2/34 HPs)
             Began as an Octopode Gladiator on Sept 29, 2014.
             Slain by a green rat (3 damage)
             ... in a sewer.
             The game lasted 00:04:57 (2615 turns).

RobertPalmer the Chopper (Octopode Gladiator)       Turns: 2615, Time: 00:04:58

HP  -2/34        AC  1     Str 14      XL: 5   Next: 24%
MP   5/5         EV 13     Int 10      God:
Gold 168         SH  0     Dex 14      Spells:  0 memorised,  4 levels left

rFire  . . .     SeeInvis .     a - +0 war axe
rCold  . . .     Clarity  .     (no shield)
rNeg   . . .     rCorr    .     c - +0 hat
rPois  .         rRot     .     (no amulet)
rElec  .         Spirit   .     (no ring)
SustAb .         Warding  .     (no ring)
rMut   .         Stasis   .     (no ring)
Gourm  .                        (no ring)
MR     .....                    (no ring)
                                (no ring)
                                (no ring)
                                (no ring)

@: lethally poisoned, not resistant to hostile enchantments, unstealthy
A: almost no armour, amphibious, 8 rings, constrict 8, camouflage 1, gelatinous
body 1
a: no special abilities


You were in a sewer.
You were not hungry.

You visited 1 branch of the dungeon, and saw 3 of its levels.
You also visited: Sewer.

You collected 168 gold pieces.


Innate Abilities, Weirdness & Mutations

You cannot wear most types of armour.
You are amphibious.
You can wear up to eight rings at the same time.
You can use your tentacles to constrict many enemies at once.
Your skin changes colour to match your surroundings (Stealth).
Your rubbery body absorbs attacks (AC +1).


   Skills:
 - Level 2.0 Fighting
 + Level 5.7 Axes
 - Level 2.0 Throwing
 - Level 3.0 Dodging


You had 4 spell levels left.
You didn't know any spells.

Inventory:

Hand weapons
 a - a +0 war axe (weapon)
Missiles
 d - 3 throwing nets
 i - 6 javelins (quivered)
Armour
 c - a +0 hat (worn)
Comestibles
 f - a bread ration
 h - a beef jerky
 m - 4 fruits
Scrolls
 e - 2 scrolls of remove curse {unknown}
 k - 3 scrolls of identify
 n - a scroll of fog {unknown}
Jewellery
 j - an uncursed amulet of faith {!P}
Potions
 l - a potion of porridge
 q - a potion of magic

Dungeon Overview and Level Annotations

Branches:
Dungeon (3/15)

Altars:
Yredelemnul ################ #....r%@rr....≈≈ ################

You could see a green rat and 2 rats.


Message History

You feel better.
It was a potion of curing.
The rat twitches its whiskers.
The rat bites you but does no damage.
You hit the rat.
The rat is moderately wounded.
The green rat closely misses you.
You hit the green rat.
The green rat is lightly wounded.
The green rat closely misses you. The green rat bites you.
* * * LOW HITPOINT WARNING * * *
You barely miss the green rat. You grab the green rat.
The green rat is lightly wounded.
You constrict the green rat. The green rat bites you.
* * * LOW HITPOINT WARNING * * *
The green rat bites you!
* * * LOW HITPOINT WARNING * * *
Drink which item? (? for menu, Esc to quit)
That liquid tasted very nasty...
You are lethally poisoned!
It was a potion of poison.
You constrict the green rat.
* * * LOW HITPOINT WARNING * * *
You feel sick. The green rat closely misses you.
The green rat barely misses you.
You hit the green rat.
You kill the green rat!
* * * LOW HITPOINT WARNING * * *
You feel sick.
The green rat twitches its whiskers.
The green rat bites you.
You die...

Action                   |  1- 3 |  4- 6 || total
-------------------------+-------+-------++-------
Melee: War axe           |    68 |    54 ||   122
Throw: Javelin           |     2 |       ||     2
  Use: Scroll            |     1 |     2 ||     3
       Potion            |       |     3 ||     3
 Stab: Sleeping          |     3 |     4 ||     7
  Eat: Chunk             |     2 |     3 ||     5

Vault maps used:
D:1:      eino_arrival_tree_alley
D:2:      overflow_temple_1_default, minmay_stone_trees_small,
          item_on_display_a, uniq_jessica
D:3:      grunt_temple_overflow_growth_and_decay, gup_sewer_entry_bubbles,
          grunt_decor_resistance, serial_park_tiny_1, grunt_ministairs_11,
          uniq_sigmund, uniq_grinder
Sewer:    sewer_kobolds

Notes
Turn   | Place    | Note
--------------------------------------------------------------
     0 | D:1      | RobertPalmer, the Octopode Gladiator, began the quest for the Orb.
     0 | D:1      | Reached XP level 1. HP: 14/14 MP: 1/1
   288 | D:1      | Reached XP level 2. HP: 8/19 MP: 2/2
  1153 | D:2      | Reached skill level 4 in Axes
  1285 | D:2      | Reached XP level 3. HP: 24/24 MP: 3/3
  1386 | D:2      | Noticed Jessica
  1393 | D:2      | Killed Jessica
  1684 | D:2      | Reached XP level 4. HP: 18/29 MP: 4/4
  1990 | D:2      | Found a basalt altar of Yredelemnul.
  2031 | D:2      | Reached skill level 5 in Axes
  2595 | D:3      | Found a glowing drain.
  2599 | D:3      | Reached XP level 5. HP: 19/34 MP: 5/5
  2605 | Sewer    | Entered a sewer
  2613 | Sewer    | HP: 3/34 [green rat (10)]
  2615 | Sewer    | HP: 1/34 [poison (a potion of poison)]
  2615 | Sewer    | Slain by a green rat

Vanquished Creatures
  Jessica (D:2)
  2 green rats (Sewer)
  2 adders (D:2)
  3 giant mites (D:3)
  A worm (D:3)
  2 giant geckos
  An ooze (D:3)
  2 orcs (D:3)
  6 giant cockroaches
  5 hobgoblins
  5 kobolds
  A quokka (D:2)
  6 bats
  5 giant newts
  4 goblins
  7 jackals
  9 rats
62 creatures vanquished.
